Description

first pool

Replay - byun shin 2

Build Order

Get SALT Encoding   

  12  0:00  Drone  
  13  0:12  Overlord  
  13  0:16  Drone  
  14  0:30  Drone x2  
  16  0:40  Spawning Pool  
  15  0:43  Drone x2  
  17  0:55  Drone  
  18  1:09  Hatchery  
  17  1:26  Zergling x6  
  17  1:28  Queen  
  22  1:39  Overlord  
  22  2:04  Queen, Hatchery  
  23  2:12  Drone x3  
  28  2:33  Queen  
  31  2:42  Overlord  
  34  3:01  Queen  
  36  3:06  Overlord  
  46  3:31  Extractor x2  
  47  3:41  Roach Warren  
  47  3:42  Evolution Chamber  
  47  3:53  Overlord  
  51  4:11  Queen  
  53  4:17  Spore Crawler  
  53  4:22  Roach x5  
  62  4:30  Roach  
  74  4:52  Queen, Spore Crawler  
  79  5:02  Lair  
  79  5:06  Spore Crawler  
  82  5:22  Extractor x2  
  81  5:34  Roach x4  
  105  6:04  Spore Crawler  
  105  6:05  Overseer  
  105  6:08  Queen  
  106  6:21  Extractor x2  
  106  6:24  Queen  
  113  6:30  Spire  
  112  6:42  Hatchery  
  112  6:46  Queen x2  
  109  6:54  Evolution Chamber x2  
  109  6:59  Glial Reconstitution  
  107  7:45  Evolution Chamber  
  107  7:49  Mutalisk x10  
  129  8:27  Hatchery  
  136  8:43  Extractor x2  
  138  8:48  Zerg Flyer Weapons Level 1  
  138  8:52  Spore Crawler x3  
  138  8:53  Overseer  
  132  9:12  Corruptor x2, Zergling x2  
  134  9:34  Corruptor  
  136  9:40  Corruptor x2  
  140  9:46  Corruptor  
Spawning Tool Build Advisor. Get it on Overwolf

Go to:

Details

  • Created by: protsh
  • Published on: Jun 04, 2025
  • Modified on: Jun 04, 2025
  • Patch: 5.0.11
  • Difficulty: Medium
Show
View Real Time Build Order
Export as new Build Order

Comments (0)

There are no comments. Be the first!

Create an account to comment!